Connexion

Palm Springs Eager vs Wolves

Created - 7 août 2023 at 05:47

Goals
1 2 3 T
Palm Springs Eager 3 0 2 5
Wolves 1 2 0 3
Shots
1 2 3 T
Palm Springs Eager 15 22 7 44
Wolves 12 5 7 24

GoalsPenalties
1st period
1. Palm Springs Eager , Nico Sturm 2 (Radko Gudas 4, Mike Hardman 1) at 0:21
2. Palm Springs Eager , Rodion Amirov 1 (Lias Andersson 3, Michael Anderson 3) at 2:34
3. Palm Springs Eager , Jonathan Toews 3 (Ryan Graves 6, Nico Sturm 2) at 10:42
4. Wolves , Garrett Mitchell 2 (Brett Seney 3, Matt Tennyson 2) at 11:53
Radim Simek (CHI) for Hooking (Minor) at 19:47
2nd period
5. Wolves , Matt Tennyson 2 (Artur Gavrus 1) at 1:56
6. Wolves , Artur Gavrus 2 (Tommy Cross 1, David Cotton 2) at 7:24
Artur Gavrus (CHI) for Holding (Minor) at 8:11
Brett Seney (CHI) for Slashing (Minor) at 12:12
Artur Gavrus (CHI) for Slashing (Minor) at 15:18
3rd period
7. Palm Springs Eager , Saku Maenalanen 3 (Steven Lorentz 3, Ryan Graves 7) at 5:37
8. Palm Springs Eager , Michael Anderson 1 (Lias Andersson 4, Colin Miller 3) at 6:15
Jeremiah Addison (CHI) for Holding (Minor) at 1:19
Saku Maenalanen (SEA) for Roughing (Minor) at 1:19
Mike Hardman (SEA) for Tripping (Minor) at 19:51
Goalie Stats
Anton Forsberg (SEA), 21 saves from 24 shots - (0,875), W, 2-2-0, 60:00 minutes
Felix Sandström (CHI), 39 saves from 44 shots - (0,886), L, 1-2-0, 60:00 minutes
3 StarsOfficial
1 - Nico Sturm (SEA)
2 - Michael Anderson (SEA)
3 - Ryan Graves (SEA)
Referees : Don VanMassenhoven and Chris Ciamaga
Linesman : Steve Barton and Don Henderson
Game Note
No Game Note
Finance
Level 1 -- Attendance: 890 (44,50%) -- Ticket Income 53 400 $
Level 2 -- Attendance: 279 (27,90%) -- Ticket Income 13 950 $
Total Attendance: 1169 (38,97%)
Total Ticket Income: 67 350 $
Other Income: 13 470 $
Total Income: 80 820 $



Team Name Goals Shots Shots Attemp Shots Blocked PIM HIT PP PK FO%
Palm Springs Eager 5449144160 / 4 (0%)057%
Wolves 324391810290 / 1 (0%)043%

Palm Springs Eager
Player Name POS G A P +/- PIM HIT SHT SB MP PP MP PP SHT PK MP PK SHT FO% FOT
Alexander CampbellC/LW000001006:140:0000:0000% 0
Alexander GordinC/RW0000001013:430:0000:000100% 1
Colin MillerD0111000015:270:0000:0000% 0
Gavin BayreutherD000-2023020:112:2120:0000% 0
Jonathan ToewsC1012025025:175:2320:08067% 27
Lias AnderssonC0220002013:430:0000:00036% 14
Michael AndersonD1121011115:270:0000:0000% 0
Mike HardmanC/LW/RW0112225019:525:2310:00033% 3
Nico SturmC/LW1122014021:265:2300:0800% 3
Nikita NesterenkoC/LW/RW0000031018:202:3300:0000% 0
Radko GudasD0113002124:225:3500:0800% 0
Riley DuranC000000002:230:0000:0000% 1
Rodion AmirovLW1010013113:430:0000:0000% 0
Ryan GravesD0223005024:225:3550:0800% 0
Saku MaenalanenC/LW/RW1010217018:192:3320:00060% 5
Scott MayfieldD000-2013120:112:2130:0000% 0
Scott ReedyC000001006:140:0000:00029% 7
Steven LorentzC/LW0110002018:372:3310:00072% 29
Wolves
Player Name POS G A P +/- PIM HIT SHT SB MP PP MP PP SHT PK MP PK SHT FO% FOT
Adam HelewkaLW000-102109:020:0001:26040% 5
Artur GavrusC/LW1122412010:520:0000:0000% 0
Brett SeneyLW011-2244221:490:0004:36039% 18
David CottonC0112010011:130:0000:19060% 10
Garrett MitchellRW101-2015017:480:0001:35025% 4
Gregory HofmannC/LW000-2014023:220:0006:08247% 19
Jamie DevaneLW000-1030015:510:0800:0000% 1
Jens LookeLW/RW0002000011:070:0000:1300% 0
Jeremiah AddisonLW/RW000-120007:350:0000:000100% 1
Louie BelpedioD0000010015:210:0000:5900% 0
Marc-Olivier RoyC/LW/RW000-101107:360:0000:00033% 9
Mark JankowskiC000-1001017:550:0801:35043% 23
Matt TennysonD112-1041322:460:0003:3500% 0
Mitchell Vande SompelD000-1000522:460:0003:3500% 0
Radim SimekD000-1230321:520:0803:2200% 0
Ryan StantonD000-1030422:520:0804:2100% 0
Scott KosmachukRW000-1005015:510:0800:0000% 0
Tommy CrossD0110040114:220:0000:0000% 0



Play-by-Play

1st period


0:01 of 1st period - Gregory Hofmann wins face-off versus Jonathan Toews in neutral zone.
0:01 of 1st period - Gregory Hofmann is hit by Mike Hardman.
0:15 of 1st period - Shot by Mike Hardman.
0:15 of 1st period - Shot Blocked by Matt Tennyson.
0:21 of 1st period - Shot by Nico Sturm.
0:21 of 1st period - Goal by Nico Sturm - Palm Springs Eager : 1 - Wolves : 0.
0:22 of 1st period - Mark Jankowski wins face-off versus Saku Maenalanen in neutral zone.
0:22 of 1st period - Mark Jankowski is hit by Nikita Nesterenko.
0:25 of 1st period - Radim Simek is hit by Scott Mayfield and loses puck.
0:55 of 1st period - Icing by Mark Jankowski.
0:56 of 1st period - Mark Jankowski wins face-off versus Lias Andersson in Wolves zone.
1:07 of 1st period - Shot by Scott Kosmachuk.
1:07 of 1st period - Stopped by Anton Forsberg without a rebound.
1:08 of 1st period - David Cotton wins face-off versus Scott Reedy in Palm Springs Eager zone.
1:19 of 1st period - Louie Belpedio is hit by Alexander Campbell and loses puck.
2:34 of 1st period - Shot by Rodion Amirov.
2:34 of 1st period - Goal by Rodion Amirov - Palm Springs Eager : 2 - Wolves : 0.
2:35 of 1st period - Steven Lorentz wins face-off versus Marc-Olivier Roy in neutral zone.
3:06 of 1st period - Scott Mayfield is hit by Adam Helewka and loses puck.
3:44 of 1st period - Shot by Nico Sturm.
3:44 of 1st period - Shot Misses the Net.
3:46 of 1st period - Shot by Radko Gudas.
3:46 of 1st period - Stopped by Felix Sandström with a rebound.
3:56 of 1st period - Ryan Graves is hit by Brett Seney and loses puck.
4:37 of 1st period - Shot by Rodion Amirov.
4:37 of 1st period - Stopped by Felix Sandström with a rebound.
4:49 of 1st period - Rodion Amirov is hit by Tommy Cross and loses puck.
5:41 of 1st period - Shot by Scott Reedy.
5:41 of 1st period - Deflect By Jonathan Toews.
5:41 of 1st period - Stopped by Felix Sandström with a rebound.
7:00 of 1st period - Nico Sturm is hit by Marc-Olivier Roy and loses puck.
7:15 of 1st period - Shot by Mike Hardman.
7:15 of 1st period - Stopped by Felix Sandström without a rebound.
7:16 of 1st period - Gregory Hofmann wins face-off versus Nico Sturm in Wolves zone.
8:04 of 1st period - Shot by Lias Andersson.
8:04 of 1st period - Stopped by Felix Sandström without a rebound.
8:05 of 1st period - Steven Lorentz wins face-off versus Mark Jankowski in Wolves zone.
8:13 of 1st period - Icing by Radim Simek.
8:14 of 1st period - Mark Jankowski wins face-off versus Scott Reedy in Wolves zone.
8:35 of 1st period - Shot by Jamie Devane.
8:35 of 1st period - Deflect By Scott Kosmachuk.
8:35 of 1st period - Stopped by Anton Forsberg without a rebound.
8:36 of 1st period - Marc-Olivier Roy wins face-off versus Steven Lorentz in Palm Springs Eager zone.
9:03 of 1st period - Shot by Saku Maenalanen.
9:03 of 1st period - Stopped by Felix Sandström without a rebound.
9:04 of 1st period - Gregory Hofmann wins face-off versus Nico Sturm in Wolves zone.
9:37 of 1st period - Shot by Nico Sturm.
9:37 of 1st period - Shot Misses the Net.
9:39 of 1st period - Shot by Nico Sturm.
9:39 of 1st period - Shot Blocked by Mitchell Vande Sompel.
9:41 of 1st period - Shot by Mike Hardman.
9:41 of 1st period - Stopped by Felix Sandström without a rebound.
9:42 of 1st period - Steven Lorentz wins face-off versus Mark Jankowski in Wolves zone.
9:47 of 1st period - Shot by Steven Lorentz.
9:47 of 1st period - Deflect By Saku Maenalanen.
9:47 of 1st period - Stopped by Felix Sandström without a rebound.
9:48 of 1st period - Steven Lorentz wins face-off versus Mark Jankowski in Wolves zone.
10:00 of 1st period - Nikita Nesterenko is hit by Radim Simek and loses puck.
10:26 of 1st period - Shot by Saku Maenalanen.
10:26 of 1st period - Stopped by Felix Sandström without a rebound.
10:27 of 1st period - Jonathan Toews wins face-off versus Gregory Hofmann in Wolves zone.
10:40 of 1st period - Shot by Jonathan Toews.
10:40 of 1st period - Shot Misses the Net.
10:42 of 1st period - Shot by Jonathan Toews.
10:42 of 1st period - Goal by Jonathan Toews - Palm Springs Eager : 3 - Wolves : 0.
10:43 of 1st period - Alexander Gordin wins face-off versus David Cotton in neutral zone.
10:59 of 1st period - Lias Andersson is hit by Tommy Cross and loses puck.
11:35 of 1st period - Shot by Brett Seney.
11:35 of 1st period - Shot Blocked by Michael Anderson.
11:43 of 1st period - Shot by Matt Tennyson.
11:43 of 1st period - Deflect By Garrett Mitchell.
11:43 of 1st period - Shot Blocked by Rodion Amirov.
11:45 of 1st period - Shot by Brett Seney.
11:45 of 1st period - Shot Misses the Net.
11:47 of 1st period - Shot by Brett Seney.
11:47 of 1st period - Stopped by Anton Forsberg with a rebound.
11:49 of 1st period - Shot by Brett Seney.
11:49 of 1st period - Stopped by Anton Forsberg with a rebound.
11:51 of 1st period - Shot by Garrett Mitchell.
11:51 of 1st period - Stopped by Anton Forsberg with a rebound.
11:53 of 1st period - Shot by Garrett Mitchell.
11:53 of 1st period - Goal by Garrett Mitchell - Palm Springs Eager : 3 - Wolves : 1.
11:54 of 1st period - Mark Jankowski wins face-off versus Jonathan Toews in neutral zone.
12:17 of 1st period - Shot by Scott Kosmachuk.
12:17 of 1st period - Shot Misses the Net.
12:19 of 1st period - Shot by Mark Jankowski.
12:19 of 1st period - Stopped by Anton Forsberg without a rebound.
12:20 of 1st period - Gregory Hofmann wins face-off versus Steven Lorentz in Palm Springs Eager zone.
12:23 of 1st period - Shot by Gregory Hofmann.
12:23 of 1st period - Shot Misses the Net.
12:45 of 1st period - Shot by Brett Seney.
12:45 of 1st period - Shot Hit the Post.
13:08 of 1st period - Shot by Scott Kosmachuk.
13:08 of 1st period - Stopped by Anton Forsberg without a rebound.
13:09 of 1st period - Jonathan Toews wins face-off versus Mark Jankowski in Palm Springs Eager zone.
13:17 of 1st period - Jonathan Toews is hit by Radim Simek.
14:24 of 1st period - Shot by Artur Gavrus.
14:24 of 1st period - Shot Misses the Net.
14:26 of 1st period - Shot by Artur Gavrus.
14:26 of 1st period - Stopped by Anton Forsberg with a rebound.
14:43 of 1st period - Rodion Amirov is hit by Matt Tennyson and loses puck.
14:50 of 1st period - Michael Anderson is hit by Brett Seney and loses puck.
15:07 of 1st period - Icing by Brett Seney.
15:08 of 1st period - Saku Maenalanen wins face-off versus Gregory Hofmann in Wolves zone.
15:08 of 1st period - Steven Lorentz is hit by Matt Tennyson and loses puck.
15:20 of 1st period - Nikita Nesterenko is hit by Matt Tennyson and loses puck.
16:03 of 1st period - Shot by Nico Sturm.
16:03 of 1st period - Stopped by Felix Sandström with a rebound.
16:09 of 1st period - Shot by Jonathan Toews.
16:09 of 1st period - Deflect By Nico Sturm.
16:09 of 1st period - Shot Blocked by Mitchell Vande Sompel.
16:15 of 1st period - Shot by Mike Hardman.
16:15 of 1st period - Stopped by Felix Sandström without a rebound.
16:16 of 1st period - Scott Reedy wins face-off versus Mark Jankowski in Wolves zone.
16:27 of 1st period - Shot by Scott Kosmachuk.
16:27 of 1st period - Stopped by Anton Forsberg without a rebound.
16:28 of 1st period - Marc-Olivier Roy wins face-off versus Jonathan Toews in Palm Springs Eager zone.
16:53 of 1st period - Shot by Jonathan Toews.
16:53 of 1st period - Shot Blocked by Tommy Cross.
17:21 of 1st period - Shot by Scott Kosmachuk.
17:21 of 1st period - Stopped by Anton Forsberg without a rebound.
17:22 of 1st period - David Cotton wins face-off versus Steven Lorentz in Palm Springs Eager zone.
18:33 of 1st period - Shot by Jamie Devane.
18:33 of 1st period - Shot Blocked by Scott Mayfield.
18:36 of 1st period - Icing by Scott Mayfield.
18:37 of 1st period - Lias Andersson wins face-off versus Marc-Olivier Roy in Palm Springs Eager zone.
18:42 of 1st period - Shot by Marc-Olivier Roy.
18:42 of 1st period - Stopped by Anton Forsberg with a rebound.
19:38 of 1st period - Shot by Jonathan Toews.
19:38 of 1st period - Shot Blocked by Radim Simek.
19:40 of 1st period - Shot by Mike Hardman.
19:40 of 1st period - Shot Blocked by Ryan Stanton.
19:47 of 1st period - Minor Penalty to Radim Simek for Hooking.
19:48 of 1st period - Steven Lorentz wins face-off versus Brett Seney in Wolves zone.
19:49 of 1st period - Shot by Ryan Graves.
19:49 of 1st period - Stopped by Felix Sandström without a rebound.
19:50 of 1st period - Brett Seney wins face-off versus Steven Lorentz in Wolves zone.
19:58 of 1st period - Steven Lorentz is hit by Ryan Stanton and loses puck.
Goals for this period are 3 for Palm Springs Eager vs 1 for Wolves.
Shots for this period are 15 for Palm Springs Eager vs 12 for Wolves.

2nd period


0:01 of 2nd period - Brett Seney wins face-off versus Jonathan Toews in neutral zone.
0:16 of 2nd period - Shot by Jonathan Toews.
0:16 of 2nd period - Stopped by Felix Sandström without a rebound.
0:17 of 2nd period - Saku Maenalanen wins face-off versus Gregory Hofmann in Wolves zone.
0:26 of 2nd period - Shot by Gavin Bayreuther.
0:26 of 2nd period - Shot Blocked by Matt Tennyson.
0:32 of 2nd period - Shot by Steven Lorentz.
0:32 of 2nd period - Stopped by Felix Sandström without a rebound.
0:33 of 2nd period - Jonathan Toews wins face-off versus Brett Seney in Wolves zone.
0:33 of 2nd period - Nico Sturm is hit by Louie Belpedio.
0:52 of 2nd period - Icing by Ryan Graves.
0:53 of 2nd period - Brett Seney wins face-off versus Mike Hardman in Palm Springs Eager zone.
0:56 of 2nd period - Shot by Gregory Hofmann.
0:56 of 2nd period - Stopped by Anton Forsberg with a rebound.
1:01 of 2nd period - Icing by Mike Hardman.
1:02 of 2nd period - Jonathan Toews wins face-off versus Brett Seney in Palm Springs Eager zone.
1:07 of 2nd period - Shot by Ryan Graves.
1:07 of 2nd period - Stopped by Felix Sandström without a rebound.
1:08 of 2nd period - Steven Lorentz wins face-off versus Brett Seney in Wolves zone.
1:11 of 2nd period - Shot by Gavin Bayreuther.
1:11 of 2nd period - Stopped by Felix Sandström with a rebound.
1:13 of 2nd period - Shot by Scott Mayfield.
1:13 of 2nd period - Stopped by Felix Sandström without a rebound.
1:14 of 2nd period - Jonathan Toews wins face-off versus Gregory Hofmann in Wolves zone.
1:56 of 2nd period - Shot by Matt Tennyson.
1:56 of 2nd period - Goal by Matt Tennyson - Palm Springs Eager : 3 - Wolves : 2.
1:57 of 2nd period - Mark Jankowski wins face-off versus Lias Andersson in neutral zone.
2:37 of 2nd period - Gavin Bayreuther is hit by Jamie Devane and loses puck.
3:04 of 2nd period - Icing by Mitchell Vande Sompel.
3:05 of 2nd period - Jonathan Toews wins face-off versus David Cotton in Wolves zone.
4:21 of 2nd period - Tommy Cross is hit by Mike Hardman and loses puck.
4:25 of 2nd period - Icing by Brett Seney.
4:26 of 2nd period - Gregory Hofmann wins face-off versus Steven Lorentz in Wolves zone.
4:48 of 2nd period - Icing by Michael Anderson.
4:49 of 2nd period - Steven Lorentz wins face-off versus Mark Jankowski in Palm Springs Eager zone.
5:12 of 2nd period - Shot by Nikita Nesterenko.
5:12 of 2nd period - Stopped by Felix Sandström without a rebound.
5:13 of 2nd period - Lias Andersson wins face-off versus Marc-Olivier Roy in Wolves zone.
5:16 of 2nd period - Shot by Lias Andersson.
5:16 of 2nd period - Stopped by Felix Sandström with a rebound.
5:42 of 2nd period - Shot by Adam Helewka.
5:42 of 2nd period - Stopped by Anton Forsberg without a rebound.
5:43 of 2nd period - Gregory Hofmann wins face-off versus Scott Reedy in Palm Springs Eager zone.
5:54 of 2nd period - Shot by Scott Reedy.
5:54 of 2nd period - Shot Blocked by Ryan Stanton.
5:56 of 2nd period - Shot by Scott Reedy.
5:56 of 2nd period - Shot Blocked by Radim Simek.
6:08 of 2nd period - Shot by Jonathan Toews.
6:08 of 2nd period - Shot Misses the Net.
6:29 of 2nd period - Gregory Hofmann is hit by Nikita Nesterenko and loses puck.
6:49 of 2nd period - Icing by Colin Miller.
6:50 of 2nd period - Steven Lorentz wins face-off versus Mark Jankowski in Palm Springs Eager zone.
6:50 of 2nd period - Steven Lorentz is hit by Jamie Devane.
7:01 of 2nd period - Off-side.
7:02 of 2nd period - David Cotton wins face-off versus Lias Andersson in neutral zone.
7:02 of 2nd period - David Cotton is hit by Rodion Amirov.
7:17 of 2nd period - Artur Gavrus is hit by Gavin Bayreuther and loses puck.
7:24 of 2nd period - Shot by Artur Gavrus.
7:24 of 2nd period - Goal by Artur Gavrus - Palm Springs Eager : 3 - Wolves : 3.
7:25 of 2nd period - Mike Hardman wins face-off versus Mark Jankowski in neutral zone.
7:36 of 2nd period - Shot by Nico Sturm.
7:36 of 2nd period - Shot Blocked by Mitchell Vande Sompel.
7:44 of 2nd period - Shot by Mike Hardman.
7:44 of 2nd period - Shot Misses the Net.
7:46 of 2nd period - Shot by Nico Sturm.
7:46 of 2nd period - Stopped by Felix Sandström without a rebound.
7:47 of 2nd period - Steven Lorentz wins face-off versus David Cotton in Wolves zone.
7:47 of 2nd period - Nikita Nesterenko is hit by Tommy Cross and loses puck.
8:11 of 2nd period - Minor Penalty to Artur Gavrus for Holding.
8:12 of 2nd period - Jonathan Toews wins face-off versus Brett Seney in Wolves zone.
8:25 of 2nd period - Shot by Ryan Graves.
8:25 of 2nd period - Stopped by Felix Sandström with a rebound.
8:27 of 2nd period - Shot by Mike Hardman.
8:27 of 2nd period - Stopped by Felix Sandström without a rebound.
8:28 of 2nd period - Steven Lorentz wins face-off versus Brett Seney in Wolves zone.
8:37 of 2nd period - Shot by Saku Maenalanen.
8:37 of 2nd period - Shot Misses the Net.
8:39 of 2nd period - Shot by Gavin Bayreuther.
8:39 of 2nd period - Shot Blocked by Brett Seney.
8:57 of 2nd period - Shot by Saku Maenalanen.
8:57 of 2nd period - Stopped by Felix Sandström with a rebound.
8:59 of 2nd period - Shot by Scott Mayfield.
8:59 of 2nd period - Stopped by Felix Sandström without a rebound.
9:00 of 2nd period - Jonathan Toews wins face-off versus Garrett Mitchell in Wolves zone.
9:01 of 2nd period - Shot by Ryan Graves.
9:01 of 2nd period - Stopped by Felix Sandström without a rebound.
9:02 of 2nd period - Jonathan Toews wins face-off versus Brett Seney in Wolves zone.
9:03 of 2nd period - Shot by Ryan Graves.
9:03 of 2nd period - Shot Misses the Net.
9:05 of 2nd period - Shot by Jonathan Toews.
9:05 of 2nd period - Stopped by Felix Sandström without a rebound.
9:06 of 2nd period - Jonathan Toews wins face-off versus Brett Seney in Wolves zone.
10:10 of 2nd period - Off-side.
10:11 of 2nd period - Mark Jankowski wins face-off versus Lias Andersson in neutral zone.
10:22 of 2nd period - Shot by Scott Kosmachuk.
10:22 of 2nd period - Deflect By Mark Jankowski.
10:22 of 2nd period - Shot Misses the Net.
10:29 of 2nd period - Off-side.
10:30 of 2nd period - David Cotton wins face-off versus Steven Lorentz in neutral zone.
10:32 of 2nd period - Jens Looke is hit by Michael Anderson.
10:56 of 2nd period - Shot by Saku Maenalanen.
10:56 of 2nd period - Stopped by Felix Sandström without a rebound.
10:57 of 2nd period - Mark Jankowski wins face-off versus Scott Reedy in Wolves zone.
10:57 of 2nd period - Mark Jankowski is hit by Scott Reedy.
11:48 of 2nd period - Icing by Matt Tennyson.
11:49 of 2nd period - Steven Lorentz wins face-off versus Jamie Devane in Wolves zone.
12:11 of 2nd period - Icing by Saku Maenalanen.
12:12 of 2nd period - Steven Lorentz wins face-off versus Gregory Hofmann in Palm Springs Eager zone.
12:12 of 2nd period - Minor Penalty to Brett Seney for Slashing.
12:13 of 2nd period - Jonathan Toews wins face-off versus Adam Helewka in Wolves zone.
13:14 of 2nd period - Shot by Saku Maenalanen.
13:14 of 2nd period - Shot Misses the Net.
13:16 of 2nd period - Shot by Saku Maenalanen.
13:16 of 2nd period - Stopped by Felix Sandström without a rebound.
13:17 of 2nd period - Steven Lorentz wins face-off versus Garrett Mitchell in Wolves zone.
13:20 of 2nd period - Shot by Nikita Nesterenko.
13:20 of 2nd period - Shot Misses the Net.
13:22 of 2nd period - Shot by Scott Mayfield.
13:22 of 2nd period - Shot Blocked by Matt Tennyson.
13:24 of 2nd period - Shot by Scott Mayfield.
13:24 of 2nd period - Stopped by Felix Sandström without a rebound.
13:25 of 2nd period - Steven Lorentz wins face-off versus Adam Helewka in Wolves zone.
13:41 of 2nd period - Icing by Gavin Bayreuther.
13:42 of 2nd period - Adam Helewka wins face-off versus Steven Lorentz in Palm Springs Eager zone.
13:43 of 2nd period - Shot by Gregory Hofmann.
13:43 of 2nd period - Stopped by Anton Forsberg without a rebound.
13:44 of 2nd period - Jonathan Toews wins face-off versus Adam Helewka in Palm Springs Eager zone.
13:44 of 2nd period - Jonathan Toews is hit by Gregory Hofmann.
14:03 of 2nd period - Icing by Ryan Graves.
14:04 of 2nd period - Adam Helewka wins face-off versus Nico Sturm in Palm Springs Eager zone.
14:15 of 2nd period - Scott Mayfield is hit by Jamie Devane and loses puck.
15:18 of 2nd period - Minor Penalty to Artur Gavrus for Slashing.
15:19 of 2nd period - Jonathan Toews wins face-off versus Brett Seney in Wolves zone.
15:39 of 2nd period - Shot by Jonathan Toews.
15:39 of 2nd period - Shot Misses the Net.
15:41 of 2nd period - Shot by Jonathan Toews.
15:41 of 2nd period - Shot Blocked by Brett Seney.
15:55 of 2nd period - Shot by Mike Hardman.
15:55 of 2nd period - Shot Blocked by Radim Simek.
16:17 of 2nd period - Matt Tennyson is hit by Nikita Nesterenko and loses puck.
16:24 of 2nd period - Shot by Gavin Bayreuther.
16:24 of 2nd period - Stopped by Felix Sandström with a rebound.
16:26 of 2nd period - Shot by Scott Mayfield.
16:26 of 2nd period - Shot Blocked by Mitchell Vande Sompel.
16:28 of 2nd period - Shot by Saku Maenalanen.
16:28 of 2nd period - Shot Misses the Net.
16:44 of 2nd period - Shot by Jonathan Toews.
16:44 of 2nd period - Shot Hit the Post.
16:46 of 2nd period - Shot by Radko Gudas.
16:46 of 2nd period - Shot Misses the Net.
16:48 of 2nd period - Shot by Nico Sturm.
16:48 of 2nd period - Shot Misses the Net.
16:50 of 2nd period - Shot by Ryan Graves.
16:50 of 2nd period - Stopped by Felix Sandström without a rebound.
16:51 of 2nd period - Brett Seney wins face-off versus Jonathan Toews in Wolves zone.
17:16 of 2nd period - Off-side.
17:17 of 2nd period - Garrett Mitchell wins face-off versus Saku Maenalanen in neutral zone.
17:57 of 2nd period - Alexander Gordin is hit by Artur Gavrus and loses puck.
18:13 of 2nd period - Jens Looke is hit by Gavin Bayreuther and loses puck.
18:32 of 2nd period - Shot by Jonathan Toews.
18:32 of 2nd period - Shot Misses the Net.
18:38 of 2nd period - Shot by Alexander Campbell.
18:38 of 2nd period - Deflect By Jonathan Toews.
18:38 of 2nd period - Shot Misses the Net.
19:14 of 2nd period - Shot by Saku Maenalanen.
19:14 of 2nd period - Shot Blocked by Ryan Stanton.
19:16 of 2nd period - Shot by Radko Gudas.
19:16 of 2nd period - Stopped by Felix Sandström without a rebound.
19:17 of 2nd period - Gregory Hofmann wins face-off versus Riley Duran in Wolves zone.
19:19 of 2nd period - Mitchell Vande Sompel is hit by Nico Sturm and loses puck.
19:42 of 2nd period - Shot by Mike Hardman.
19:42 of 2nd period - Stopped by Felix Sandström with a rebound.
19:50 of 2nd period - Shot by Nico Sturm.
19:50 of 2nd period - Shot Blocked by Mitchell Vande Sompel.
19:52 of 2nd period - Shot by Nico Sturm.
19:52 of 2nd period - Shot Misses the Net.
19:54 of 2nd period - Shot by Nico Sturm.
19:54 of 2nd period - Stopped by Felix Sandström without a rebound.
19:55 of 2nd period - Steven Lorentz wins face-off versus Marc-Olivier Roy in Wolves zone.
Goals for this period are 0 for Palm Springs Eager vs 2 for Wolves.
Shots for this period are 22 for Palm Springs Eager vs 5 for Wolves.

3rd period


0:01 of 3rd period - Brett Seney wins face-off versus Mike Hardman in neutral zone.
0:23 of 3rd period - Ryan Graves is hit by Garrett Mitchell and loses puck.
0:30 of 3rd period - Shot by Gregory Hofmann.
0:30 of 3rd period - Stopped by Anton Forsberg without a rebound.
0:31 of 3rd period - Steven Lorentz wins face-off versus Mark Jankowski in Palm Springs Eager zone.
1:19 of 3rd period - Minor Penalty to Jeremiah Addison for Holding.
1:19 of 3rd period - Minor Penalty to Saku Maenalanen for Roughing.
1:20 of 3rd period - Jonathan Toews wins face-off versus Brett Seney in neutral zone.
1:30 of 3rd period - Icing by Matt Tennyson.
1:31 of 3rd period - Brett Seney wins face-off versus Jonathan Toews in Wolves zone.
1:44 of 3rd period - Icing by Radko Gudas.
1:45 of 3rd period - Jonathan Toews wins face-off versus Brett Seney in Palm Springs Eager zone.
2:06 of 3rd period - Shot by Gregory Hofmann.
2:06 of 3rd period - Shot Misses the Net.
2:43 of 3rd period - Icing by Radim Simek.
2:44 of 3rd period - Steven Lorentz wins face-off versus Garrett Mitchell in Wolves zone.
2:47 of 3rd period - Shot by Mike Hardman.
2:47 of 3rd period - Shot Misses the Net.
2:49 of 3rd period - Shot by Gavin Bayreuther.
2:49 of 3rd period - Shot Misses the Net.
2:51 of 3rd period - Shot by Mike Hardman.
2:51 of 3rd period - Shot Blocked by Ryan Stanton.
2:53 of 3rd period - Shot by Gavin Bayreuther.
2:53 of 3rd period - Stopped by Felix Sandström with a rebound.
2:55 of 3rd period - Shot by Scott Mayfield.
2:55 of 3rd period - Shot Misses the Net.
2:57 of 3rd period - Shot by Steven Lorentz.
2:57 of 3rd period - Stopped by Felix Sandström without a rebound.
2:58 of 3rd period - Brett Seney wins face-off versus Jonathan Toews in Wolves zone.
3:07 of 3rd period - Shot by Nico Sturm.
3:07 of 3rd period - Shot Misses the Net.
3:31 of 3rd period - Off-side.
3:32 of 3rd period - David Cotton wins face-off versus Lias Andersson in neutral zone.
3:53 of 3rd period - Off-side.
3:54 of 3rd period - Steven Lorentz wins face-off versus Mark Jankowski in neutral zone.
4:07 of 3rd period - Shot by Saku Maenalanen.
4:07 of 3rd period - Shot Misses the Net.
4:22 of 3rd period - Icing by Ryan Graves.
4:23 of 3rd period - Saku Maenalanen wins face-off versus Gregory Hofmann in Palm Springs Eager zone.
4:27 of 3rd period - Icing by Saku Maenalanen.
4:28 of 3rd period - Steven Lorentz wins face-off versus Gregory Hofmann in Palm Springs Eager zone.
4:32 of 3rd period - Off-side.
4:33 of 3rd period - Jonathan Toews wins face-off versus Gregory Hofmann in neutral zone.
4:57 of 3rd period - Shot by Gregory Hofmann.
4:57 of 3rd period - Shot Misses the Net.
5:30 of 3rd period - Steven Lorentz is hit by Radim Simek and loses puck.
5:37 of 3rd period - Shot by Saku Maenalanen.
5:37 of 3rd period - Goal by Saku Maenalanen - Palm Springs Eager : 4 - Wolves : 3.
5:38 of 3rd period - Lias Andersson wins face-off versus Marc-Olivier Roy in neutral zone.
5:51 of 3rd period - Michael Anderson is hit by Adam Helewka and loses puck.
6:13 of 3rd period - Shot by Lias Andersson.
6:13 of 3rd period - Shot Misses the Net.
6:15 of 3rd period - Shot by Michael Anderson.
6:15 of 3rd period - Goal by Michael Anderson - Palm Springs Eager : 5 - Wolves : 3.
6:16 of 3rd period - Steven Lorentz wins face-off versus Mark Jankowski in neutral zone.
6:39 of 3rd period - Shot by Jamie Devane.
6:39 of 3rd period - Shot Misses the Net.
6:50 of 3rd period - Icing by Mark Jankowski.
6:51 of 3rd period - Mark Jankowski wins face-off versus Jonathan Toews in Wolves zone.
6:51 of 3rd period - Mark Jankowski is hit by Jonathan Toews.
7:17 of 3rd period - Shot by Garrett Mitchell.
7:17 of 3rd period - Stopped by Anton Forsberg with a rebound.
8:56 of 3rd period - Shot by Adam Helewka.
8:56 of 3rd period - Shot Hit the Post.
9:25 of 3rd period - Icing by Ryan Stanton.
9:26 of 3rd period - Jeremiah Addison wins face-off versus Lias Andersson in Wolves zone.
9:51 of 3rd period - Michael Anderson is hit by Brett Seney and loses puck.
10:04 of 3rd period - Shot by Lias Andersson.
10:04 of 3rd period - Shot Hit the Post.
10:06 of 3rd period - Shot by Lias Andersson.
10:06 of 3rd period - Shot Hit the Post.
10:32 of 3rd period - Saku Maenalanen is hit by Tommy Cross and loses puck.
10:38 of 3rd period - Scott Kosmachuk is hit by Saku Maenalanen and loses puck.
11:28 of 3rd period - Icing by Radim Simek.
11:29 of 3rd period - Scott Reedy wins face-off versus David Cotton in Wolves zone.
11:50 of 3rd period - Shot by David Cotton.
11:50 of 3rd period - Shot Misses the Net.
12:37 of 3rd period - Shot by Garrett Mitchell.
12:37 of 3rd period - Stopped by Anton Forsberg without a rebound.
12:38 of 3rd period - Marc-Olivier Roy wins face-off versus Lias Andersson in Palm Springs Eager zone.
12:47 of 3rd period - Shot by Jeremiah Addison.
12:47 of 3rd period - Shot Blocked by Radko Gudas.
12:59 of 3rd period - Shot by Alexander Gordin.
12:59 of 3rd period - Shot Misses the Net.
13:01 of 3rd period - Shot by Alexander Gordin.
13:01 of 3rd period - Stopped by Felix Sandström with a rebound.
13:17 of 3rd period - Shot by Rodion Amirov.
13:17 of 3rd period - Stopped by Felix Sandström without a rebound.
13:18 of 3rd period - Mark Jankowski wins face-off versus Jonathan Toews in Wolves zone.
13:18 of 3rd period - Radim Simek is hit by Jonathan Toews and loses puck.
13:24 of 3rd period - Jonathan Toews is hit by Ryan Stanton and loses puck.
13:35 of 3rd period - Shot by Jonathan Toews.
13:35 of 3rd period - Stopped by Felix Sandström without a rebound.
13:36 of 3rd period - Gregory Hofmann wins face-off versus Steven Lorentz in Wolves zone.
13:58 of 3rd period - Steven Lorentz is hit by Brett Seney.
14:53 of 3rd period - Icing by Ryan Stanton.
14:54 of 3rd period - Lias Andersson wins face-off versus Mark Jankowski in Wolves zone.
15:22 of 3rd period - Lias Andersson is hit by Ryan Stanton and loses puck.
15:52 of 3rd period - Icing by Radko Gudas.
15:53 of 3rd period - Gregory Hofmann wins face-off versus Scott Reedy in Palm Springs Eager zone.
15:54 of 3rd period - Shot by Brett Seney.
15:54 of 3rd period - Stopped by Anton Forsberg with a rebound.
16:23 of 3rd period - Icing by Garrett Mitchell.
16:24 of 3rd period - Steven Lorentz wins face-off versus Gregory Hofmann in Wolves zone.
16:45 of 3rd period - Off-side.
16:46 of 3rd period - David Cotton wins face-off versus Lias Andersson in neutral zone.
16:49 of 3rd period - Michael Anderson is hit by David Cotton and loses puck.
17:11 of 3rd period - Off-side.
17:12 of 3rd period - Jonathan Toews wins face-off versus Marc-Olivier Roy in neutral zone.
17:15 of 3rd period - Shot by Mike Hardman.
17:15 of 3rd period - Shot Misses the Net.
17:17 of 3rd period - Shot by Mike Hardman.
17:17 of 3rd period - Shot Misses the Net.
18:31 of 3rd period - Shot by Brett Seney.
18:31 of 3rd period - Stopped by Anton Forsberg with a rebound.
18:33 of 3rd period - Shot by Garrett Mitchell.
18:33 of 3rd period - Stopped by Anton Forsberg without a rebound.
18:34 of 3rd period - Mark Jankowski wins face-off versus Lias Andersson in Palm Springs Eager zone.
18:48 of 3rd period - Icing by Lias Andersson.
18:49 of 3rd period - Lias Andersson wins face-off versus Gregory Hofmann in Palm Springs Eager zone.
18:54 of 3rd period - Shot by Alexander Gordin.
18:54 of 3rd period - Deflect By Rodion Amirov.
18:54 of 3rd period - Shot Misses the Net.
19:08 of 3rd period - Rodion Amirov is hit by Matt Tennyson.
19:26 of 3rd period - Shot by Gregory Hofmann.
19:26 of 3rd period - Stopped by Anton Forsberg with a rebound.
19:51 of 3rd period - Minor Penalty to Mike Hardman for Tripping.
19:52 of 3rd period - Jonathan Toews wins face-off versus Mark Jankowski in Palm Springs Eager zone.
Goals for this period are 2 for Palm Springs Eager vs 0 for Wolves.
Shots for this period are 7 for Palm Springs Eager vs 7 for Wolves.